 Dungeon Crawl Stone Soup version 0.24-a0-422-g9eff3895ba (webtiles) character file.

Game seed: 16735300867846857080

102 Murumi the Shield-Bearer (level 4, -8/28 HPs)
             Began as a Gargoyle Fighter on June 12, 2019.
             Mangled by an ogre
             ... wielding a +0 giant club
              (15 damage)
             ... on level 2 of the Dungeon.
             The game lasted 00:12:01 (1701 turns).

Murumi the Shield-Bearer (Gargoyle Fighter)         Turns: 1701, Time: 00:12:02

Health: -8/28      AC: 14    Str: 20    XL:     4   Next: 77%
Magic:  5/5        EV: 10    Int:  9    God:
Gold:   142        SH:  0    Dex:  9    Spells: 3/3 levels left

rFire    . . .     SeeInvis +   a - +0 flail
rCold    . . .     Gourm    .   (no shield)
rNeg     + . .     Faith    .   b - +1 scale mail
rPois    ∞         Spirit   .   (no helmet)
rElec    +         Reflect  .   (no cloak)
rCorr    .         Harm     .   (no gloves)
MR       .....                  (no boots)
Stlth    ..........             h - amulet of rage
HPRegen  0.09/turn              j - ring of see invisible
MPRegen  0.09/turn              n - +3 ring of protection

@: no status effects
A: negative energy resistance 1, electricity resistance, unbreathing,
petrification resistance, rot immunity, AC +3
a: Evoke Berserk Rage


You were on level 2 of the Dungeon.
You were hungry.

You visited 1 branch of the dungeon, and saw 2 of its levels.

You collected 142 gold pieces.

Inventory:

Hand Weapons
 a - a +0 flail (weapon)
Missiles
 l - 18 poisoned darts (quivered)
 m - 45 stones
Armour
 b - a +1 scale mail (worn)
 c - a +0 shield
Jewellery
 h - an amulet of rage (around neck)
 j - a ring of see invisible (left hand)
 n - a +3 ring of protection (right hand)
Scrolls
 k - 2 scrolls of amnesia
 o - a scroll of identify
Potions
 d - a potion of might
 e - 2 potions of magic
 g - 2 potions of invisibility
 i - a potion of brilliance
Comestibles
 f - 3 rations


   Skills:
 - Level 3.2 Fighting
 - Level 2.0 Maces & Flails
 - Level 2.0 Throwing
 - Level 3.2 Armour
 - Level 2.0 Dodging
 - Level 3.2 Shields
 + Level 1.7 Evocations


You had 3 spell levels left.
You didn't know any spells.
Your spell library was empty.

Dungeon Overview and Level Annotations

Branches:
Dungeon (2/15)

Altars:
Cheibriados
Makhleb


Innate Abilities, Weirdness & Mutations

You are resistant to torment.
Your stone body is resilient. (AC +3)
You are immune to poison.
You resist negative energy. (rN+)
You are resistant to electric shocks. (rElec)
You can survive without breathing.
You are immune to petrification.
You are immune to rotting.


Message History

The ogre hits you with a +0 giant club.
You sock the ogre!
The ogre is almost dead.
The ogre closely misses you.
You barely miss the ogre.
The ogre is almost dead.
The ogre hits you with a +0 giant club!
* * * LOW HITPOINT WARNING * * *
You barely miss the ogre.
The ogre is almost dead.
The ogre closely misses you.
You hit the ogre.
The ogre is almost dead.
The ogre hits you with a +0 giant club.
* * * LOW HITPOINT WARNING * * *
You hit the ogre.
The ogre is almost dead.
The ogre hits you with a +0 giant club!
Ouch! That really hurt!
You die...

#3#_#3#.#
#.#.#......# #w##<#
**#.#*#.#
#.#.#.##.### #.##.#
#.# #.# #.#.#.##.#
#.##.# #.# #.#
#.#.#.##.#######†##.#
#.###.#
#...................#
#.....#
#..###########.##.###
#####.# #..# #.##.#
#.#
#.<###########.##.#
#.#
#...@O.....w...##.#
#########.#
##.##############.#
..........# #.# #.#
..........# #.# #.#
########### *,*
************,*
*,***,,,,,,,,,,,,*
*,,,,,************
*******


You could see an ogre and a worm.

Vanquished Creatures
  2 gnolls (D:2)
  3 adders (D:2)
  3 worms (D:2)
  3 dart slugs (D:1)
  A leopard gecko (D:2)
  8 bats
  4 goblins
  A hobgoblin (D:2)
  4 jackals (D:2)
  A ball python (D:1)
  5 frilled lizards
  4 kobolds
  4 rats
43 creatures vanquished.

Notes
Turn   | Place    | Note
-------+----------+-------------------------------------------
     0 | D:1      | Murumi the Gargoyle Fighter began the quest for the Orb.
     0 | D:1      | Reached XP level 1. HP: 14/14 MP: 1/1
   228 | D:1      | Reached skill level 1 in Dodging
   250 | D:1      | Reached XP level 2. HP: 19/19 MP: 2/2
   691 | D:1      | Reached XP level 3. HP: 23/23 MP: 3/3
   866 | D:2      | Reached skill level 1 in Evocations
  1098 | D:2      | Reached skill level 1 in Throwing
  1190 | D:2      | Reached XP level 4. HP: 26/28 MP: 4/4
  1336 | D:2      | Found a snail-covered altar of Cheibriados.
  1422 | D:2      | Found a burning altar of Makhleb.
  1422 | D:2      | Noticed an Executioner
  1444 | D:2      | Noticed a smoke demon
  1444 | D:2      | Noticed a smoke demon
  1558 | D:2      | Noticed an ogre
  1701 | D:2      | Mangled by an ogre

Levels and vault maps discovered:
D:1:      dpeg_arrival_concentric_ovals, layout_basic, serial_bayou_ford_a,
          serial_bayou_pond_e, minmay_misc_feat_doors, serial_bayou_lagoon_a,
          lemuel_another_geyser
D:2:      layout_loops_ring, marbit_many_paths, first_ration,
          makhleb_altar_promises_db

Skill      XL: |  1  2  3  4 |
---------------+-------------+-----
Dodging        | 1 2 |  2.0
Evocations     | 1 |  1.7
Throwing       | 1 2 |  2.0
Fighting       | |  3.2
Maces & Flails | |  2.0
Armour         | |  3.2
Shields        | |  3.2

Action                   |  1- 3 |  4- 6 || total
-------------------------+-------+-------++-------
Melee: Flail             |   126 |    61 ||   187
Throw: Stone             |    33 |    27 ||    60
       Dart              |       |     1 ||     1
  Use: Scroll            |     6 |     2 ||     8
  Eat: Chunk             |     1 |     1 ||     2
Armor: Scale mail        |   100 |    33 ||   133
Dodge: Dodged            |   110 |    27 ||   137

Table legend:
 A = Non-vault XP
 B = Vault XP
 C = Vault XP percentage of total XP
 D = Non-vault monster count
 E = Vault monster count
 F = Vault count percentage of total count
                 A         B        C        D         E       F
            +---------+---------+-------+---------+---------+-------
      Total |     145 |       1 |   0.7 |      42 |       1 |   2.3
            +---------+---------+-------+---------+---------+-------
        D:1 |      34 |       0 |   0.0 |      18 |       0 |   0.0
        D:2 |     111 |       1 |   0.9 |      24 |       1 |   4.0
            +---------+---------+-------+---------+---------+-------
